 Dungeon Crawl Stone Soup version 0.31-a0-435-g2c6fae2916 (webtiles) character file.

Game seed: 1400759644923827977

21879 Newt the Warrior (level 13, 0/95 HPs)
             Began as a Kobold Hunter on Aug 1, 2023.
             Was a High Priest of Okawaru.
             Shot with an arrow by a centaur warrior (24 damage)
             ... on level 13 of the Dungeon.
             The game lasted 00:15:06 (14186 turns).

Newt the Warrior (Kobold Hunter)                   Turns: 14186, Time: 00:15:06

Health: 0/95       AC:  5    Str: 15    XL:     13   Next: 23%
Magic:  27/27      EV: 17    Int: 13    God:    Okawaru [*****.]
Gold:   1352       SH:  5    Dex: 19    Spells: 17/19 levels left

rFire   . . .        i - +8 war axe of Exoneration {distort, rPois Will+ Str+2 Int+3}
rCold   . . .        (no shield)
rNeg    . . .        Q - +1 troll leather armour
rPois   +            k - melded +1 helmet
rElec   .            j - melded +0 cloak
rCorr   .            (gloves currently unavailable)
SInv    .            F - melded +0 pair of boots
Will    +....        s - amulet of reflection
Stlth   +++          l - ring of magical power
HPRegen 1.15/turn    G - ring of wizardry
MPRegen 0.20/turn

%: reflection, wizardry (x1)
@: beast-form, studying Ice Magic
A: beast (slay +6), small, no large weapons, nightstalker 3
a: Begin Untransformation, Renounce Religion, Heroism, Finesse, Duel


You were on level 13 of the Dungeon.
You worshipped Okawaru.
Okawaru was extremely pleased with you.
You were a hulking beast.
You visited 1 branch of the dungeon, and saw 13 of its levels.
You also visited: Sewer.

You collected 1384 gold pieces.
You spent 32 gold pieces at shops.

Inventory:

Hand Weapons
 a - a +1 shortbow of electrocution
 i - the +8 war axe of Exoneration (weapon) {distort, rPois Will+ Str+2 Int+3}
   (You found it on level 2 of the Dungeon)

   Str:       It affects your strength (+2).
   Int:       It affects your intelligence (+3).
   rPois:     It protects you from poison.
   Will:      It increases your willpower.
 S - the +4 triple crossbow "Vugal" {heavy, Contam Int+9 Stlth-}
   (Okawaru gifted it to you on level 11 of the Dungeon)

   Int:       It affects your intelligence (+9).
   Contam:    It causes magical contamination when unequipped.
   Stlth:     It makes you less stealthy.
Missiles
 n - 62 poisoned darts
 I - 2 throwing nets
 K - 4 atropa-tipped darts
 M - 3 boomerangs
Armour
 c - a +0 leather armour
 j - a +0 cloak (melded)
 k - a +1 helmet (melded)
 F - a +0 pair of boots (melded)
 L - a +0 kite shield
 Q - a +1 troll leather armour (worn)
 U - a +2 pair of gloves of hurling
 W - the scarf of Servitude {rC+ rF+, Str+3 Dex+3}
   (You acquired it on level 12 of the Dungeon)

   Str:       It affects your strength (+3).
   Dex:       It affects your dexterity (+3).
Jewellery
 l - a ring of magical power (left hand)
 o - an amulet of the acrobat
 s - an amulet of reflection (around neck)
 E - a ring of fire
 G - a ring of wizardry (right hand)
 N - an amulet of faith
Talismans
 O - a beast talisman (active)
Wands
 y - a wand of charming (31)
 A - a wand of polymorph (8)
 C - a wand of flame (35)
 T - a wand of mindburst (2)
Scrolls
 b - a scroll of butterflies
 e - 3 scrolls of fear
 g - 2 scrolls of immolation
 q - 4 scrolls of teleportation
 v - 2 scrolls of blinking
 w - 3 scrolls of poison
 D - 3 scrolls of amnesia
 H - 2 scrolls of identify
 P - 4 scrolls of enchant weapon
 R - 2 scrolls of fog {unknown}
 V - a scroll of enchant armour
 X - a scroll of brand weapon
Potions
 f - 3 potions of lignification
 h - 4 potions of brilliance
 m - a potion of enlightenment
 r - 8 potions of curing
 t - a potion of ambrosia
 u - 2 potions of magic
 x - 2 potions of degeneration
 z - a potion of attraction
 B - 2 potions of berserk rage
 J - 4 potions of mutation
Miscellaneous
 d - a box of beasts


   Skills:
 + Level 16.3 Fighting
 - Level 10.0 Axes
 - Level 5.3 Ranged Weapons
 - Level 6.0 Dodging
 - Level 1.3 Stealth
 - Level 3.6 Spellcasting
 - Level 6.0 Transmutations
 - Level 9.0 Shapeshifting


You had 17 spell levels left.
You knew the following spells:

 Your Spells              Type           Power      Damage    Failure   Level
a - Wereblood             Tmut           18%        N/A       1%          2

Your spell library contained the following spells:

 Spells                   Type           Power      Damage    Failure   Level
 Kiss of Death            Conj/Necr      8%         2d6       11%         1
 Blink                    Tloc           4%         N/A       16%         2
 Lesser Beckoning         Tloc           4%         N/A       16%         2
 Momentum Strike          Conj/Tloc      4%         3d8       16%         2
 Static Discharge         Conj/Air       4%         2-3/arc   16%         2
 Confusing Touch          Hex            2%         N/A       32%         3
 Portal Projectile        Hex/Tloc       4%         N/A       32%         3
 Irradiate                Conj/Tmut      5%         3d13      61%         5
 Airstrike                Air            1%         2d(1-17)  69%         4
 Cause Fear               Hex            1%         N/A       69%         4
 Dispel Undead            Necr           2%         3d7       69%         4
 Leda's Liquefaction      Hex/Erth       1%         N/A       69%         4
 Fireball                 Conj/Fire      1%         3d3       95%         5
 Call Canine Familiar     Summ           Unusable   N/A       N/A         3
 Summon Lightning Spire   Summ/Air       Unusable   N/A       N/A         4
 Dragon's Call            Summ           Unusable   N/A       N/A         9

Dungeon Overview and Level Annotations

Branches:
Dungeon (13/15)            Temple (0/1) D:6            Lair (0/5) D:10
    Orc (0/2) D:10          Sewer (visited)
 Vaults: D:13-14

Altars:
Ashenzari
Dithmenos
Elyvilon
Makhleb
Okawaru
Trog
Uskayaw
Vehumet
Xom
Yredelemnul
Zin

Shops:
D:4 *   D:5 *

Annotations:
D:3 1 runed translucent door
Abyss:1 Maggie, Pikel


Innate Abilities, Weirdness & Mutations

You are a hulking beast.
Your limbs bulge with bestial killing power. (Slay +6)
You are small and have problems with some larger weapons.
You are completely attuned to the shadows.


Message History

The centaur warrior hits you.
* * * LOW HITPOINT WARNING * * *
The centaur warrior kicks you but does no damage.
The rakshasa hits you with a +0 trident!
* * * LOW HITPOINT WARNING * * *
The centaur warrior hits you but does no damage.
The centaur warrior misses you.
Unknown command.
Unknown command.
You feel much better. The centaur warrior hits you.
The centaur warrior closely misses you. The rakshasa gestures at you.
The lance of force hits you!
* * * LOW HITPOINT WARNING * * *
You are knocked back by the lance of force.
Found a ring mail.
Okay, then.
You see here a +0 ring mail.
The centaur warrior wields a +0 shortbow.
The centaur warrior shoots an arrow.
You block the arrow with an invisible shield... and reflect it back!
The arrow hits the centaur warrior!
Your primal bloodlust is almost over.
The centaur warrior shoots an arrow.
You block the arrow with an invisible shield... and reflect it back!
The arrow hits the centaur warrior!
The centaur warrior shoots an arrow.
The arrow hits you.
* * * LOW HITPOINT WARNING * * *
The centaur warrior shoots an arrow.
The arrow misses you.
The centaur warrior unwields a +0 shortbow.
The centaur warrior hits you. You block the centaur warrior's attack.
You slash the centaur warrior!
The centaur warrior is heavily wounded.
The centaur warrior blinks!
Your primal bloodlust has ended.
The centaur warrior wields a +0 shortbow.
The centaur warrior shoots an arrow.
The arrow hits you!
* * * LOW HITPOINT WARNING * * *
The centaur warrior shoots an arrow.
The arrow hits you!!
You die...

#.# #.# #.# #.#
#.# #.# #.# #h#
#.# #.# #.# #.#
#.# #.# #.###.#
#c##########.....#
#...[c...)).)R...#
############.c....
.....#'###
######'# ...


You could see a centaur warrior.

Vanquished Creatures
  The ghost of testman the Fighter, a journeyman DrSh of Okawaru (D:12)
  2 two-headed ogres
  A boulder beetle (D:12)
  2 centaur warriors
  A tengu warrior (D:12)
  An orc knight (D:12)
  2 deep elf pyromancers (D:12)
  2 ugly things
  2 manticores (D:11)
  2 cyclopes (D:12)
  Joseph (D:7)
  A centaur skeleton (D:10)
  A gargoyle (D:12)
  An unseen horror (D:11)
  A redback zombie (D:10)
  A komodo dragon (D:12)
  2 meliai (D:13)
  A hornet (D:9)
  2 hellwings (D:10)
  4 trolls
  Grinder (D:4)
  2 shadows (D:10)
  2 wyverns
  2 vampires
  5 yaks (D:11)
  A vampire mosquito (D:8)
  A water moccasin (D:8)
  An acid dragon (D:10)
  Duvessa (D:4)
  4 orc warriors
  3 ice beasts
  3 ogres
  3 centaurs
  2 phantoms
  7 kobold brigands
  3 bullfrogs
  A gnoll sergeant (D:11)
  16 wights
  Dowan (D:4)
  3 troll zombies (D:10)
  3 killer bees (D:9)
  A howler monkey (D:5)
  4 crimson imps (D:11)
  8 centaur zombies
  A bullfrog zombie (D:6)
  5 hounds
  3 jellies
  7 orc priests
  Crazy Yiuf (D:4)
  A boggart zombie (D:10)
  2 iguanas
  11 orc wizards
  A killer bee zombie (D:6)
  5 ogre zombies (D:10)
  Robin (D:3)
  2 howler monkey zombies (D:6)
  A howler monkey skeleton (D:6)
  10 gnolls
  7 adders
  2 river rats
  5 shadow imps
  A white imp (D:8)
  An ufetubus (D:5)
  The ghost of drugrobin the Sneak, a weakling DgDe (D:5)
  3 dart slugs
  5 worms
  26 orcs
  6 ball pythons
  5 endoplasms
  A giant cockroach (D:4)
  15 goblins
  10 hobgoblins
  3 jackals (D:3)
  46 kobolds
  A quokka (D:1)
  4 bats
  5 frilled lizards
  2 goblin skeletons (D:10)
  6 goblin zombies (D:10)
  3 hobgoblin skeletons (D:10)
  2 hobgoblin zombies (D:10)
  5 orc skeletons (D:10)
  7 orc zombies (D:10)
  10 rats
342 creatures vanquished.

Notes
Turn   | Place    | Note
-------+----------+-------------------------------------------
     0 | D:1      | Newt the Kobold Hunter began the quest for the Orb.
     0 | D:1      | Reached XP level 1. HP: 12/12 MP: 1/1
   177 | D:1      | Reached XP level 2. HP: 18/18 MP: 2/2
   190 | D:1      | Reached skill level 3 in Fighting
   865 | D:2      | Identified the +8 war axe of Exoneration {distort, rPois
                  | Will+ Str+2 Int+3}
   926 | D:2      | Reached XP level 3. HP: 23/23 MP: 3/3
  1083 | D:2      | Reached skill level 4 in Fighting
  1302 | D:2      | Reached XP level 4. HP: 24/30 MP: 4/4
  1672 | D:3      | Noticed a wight
  1675 | D:3      | Killed a wight
  1675 | D:3      | Noticed a wight
  1676 | D:3      | Reached skill level 5 in Fighting
  1676 | D:3      | Reached skill level 1 in Axes
  1676 | D:3      | Reached XP level 5. HP: 28/35 MP: 5/5
  1683 | D:3      | Reached XP level 6. HP: 21/40 MP: 6/6
  2482 | D:3      | Noticed Robin
  2503 | D:3      | Killed Robin
  2611 | D:3      | Found a runed translucent door.
  2611 | D:3      | Noticed a human
  2621 | D:3      | Found a basalt altar of Yredelemnul.
  2849 | D:4      | Noticed Duvessa
  2850 | D:4      | Noticed Dowan
  2857 | D:4      | Killed Duvessa
  2858 | D:4      | Reached XP level 7. HP: 41/44 MP: 7/7
  2858 | D:4      | Killed Dowan
  3029 | D:4      | Found Zin's Purification Station.
  3031 | D:4      | Found a glowing silver altar of Zin.
  3056 | D:4      | Found a glowing drain.
  3073 | Sewer    | Entered a sewer
  3085 | Sewer    | Reached skill level 5 in Axes
  3601 | D:4      | Noticed Pikel
  3609 | D:4      | Banished Pikel
  3610 | D:4      | Reached skill level 5 in Dodging
  3610 | D:4      | Reached XP level 8. HP: 21/49 MP: 8/8
  3910 | D:4      | Found a shadowy altar of Dithmenos.
  4076 | D:4      | Noticed Grinder
  4095 | D:4      | Killed Grinder
  4322 | D:4      | Found a runed translucent door.
  4325 | D:4      | Noticed Crazy Yiuf
  4396 | D:4      | Killed Crazy Yiuf
  4427 | D:5      | Entered Level 5 of the Dungeon
  4431 | D:5      | Learned a level 2 spell: Wereblood
  4443 | D:5      | Reached skill level 1 in Spellcasting
  4443 | D:5      | Reached skill level 1 in Transmutations
  4443 | D:5      | Reached XP level 9. HP: 54/54 MP: 11/11
  4574 | D:5      | Found a hide-covered altar of Uskayaw.
  4622 | D:5      | Found a radiant altar of Vehumet.
  4756 | D:5      | Found an iron altar of Okawaru.
  4765 | D:5      | Became a worshipper of Warmaster Okawaru
  4794 | D:5      | Found a runed translucent gate.
  4795 | D:5      | Found a runed translucent gate.
  4796 | D:5      | Found a runed translucent gate.
  4874 | D:5      | Noticed a two-headed ogre
  4950 | D:5      | Found Dysa's Assorted Antiques.
  4964 | D:5      | Bought a red potion for 16 gold pieces
  4964 | D:5      | Bought a murky inky potion for 16 gold pieces
  5134 | D:5      | Noticed drugrobin's ghost (weakling DgDe)
  5326 | D:5      | Killed drugrobin's ghost
  5586 | D:6      | Found a staircase to the Ecumenical Temple.
  5835 | D:6      | Reached skill level 5 in Transmutations
  5928 | D:6      | Reached * piety under Okawaru
  6685 | D:7      | Reached XP level 10. HP: 59/59 MP: 15/15
  7265 | D:7      | Noticed Joseph
  7276 | D:7      | Killed Joseph
  7276 | D:7      | Reached ** piety under Okawaru
  8038 | D:8      | Found a shimmering altar of Xom.
  8167 | D:8      | Found a white marble altar of Elyvilon.
  8183 | D:8      | Identified the +3 short sword "Zusite Rusy" {flame, rN+
                  | Str+3 SInv}
  8627 | D:9      | Identified a scroll of acquirement
  8627 | D:9      | Acquired 585 gold pieces
  8739 | D:9      | Noticed a two-headed ogre
  8754 | D:9      | Killed a two-headed ogre
  8754 | D:9      | Reached *** piety under Okawaru
  8755 | D:9      | Reached skill level 10 in Axes
  8755 | D:9      | Reached skill level 7 in Fighting
  8926 | D:9      | Reached XP level 11. HP: 67/67 MP: 16/16
  8955 | D:9      | Reached skill level 8 in Fighting
  8998 | D:9      | Noticed Maggie
  9008 | D:9      | Banished Maggie
  9009 | D:9      | Reached skill level 9 in Fighting
  9211 | D:9      | Reached skill level 10 in Fighting
  9272 | D:9      | Found a burning altar of Makhleb.
  9274 | D:9      | Noticed a blizzard demon
  9420 | D:9      | Found a bloodstained altar of Trog.
  9489 | D:10     | Entered Level 10 of the Dungeon
  9543 | D:10     | Noticed an oklob plant
  9544 | D:10     | Found a staircase to the Lair.
  9550 | D:10     | Banished an oklob plant
  9551 | D:10     | Reached skill level 11 in Fighting
  9684 | D:10     | Reached skill level 1 in Shapeshifting
  9793 | D:10     | Found a broken altar of Ashenzari.
 10012 | D:10     | Reached **** piety under Okawaru
 10070 | D:10     | Found a staircase to the Orcish Mines.
 10137 | D:10     | Reached skill level 5 in Shapeshifting
 10140 | D:10     | Reached ***** piety under Okawaru
 10257 | D:10     | Reached XP level 12. HP: 80/80 MP: 17/17
 11386 | D:11     | Found a shimmering altar of Xom.
 11584 | D:11     | Identified the +4 triple crossbow "Vugal" {heavy, Contam
                  | Int+9 Stlth-} (Okawaru gifted it to you on level 11 of the
                  | Dungeon)
 11584 | D:11     | Received a gift from Okawaru
 12315 | D:12     | Noticed a tengu warrior
 12328 | D:12     | Killed a tengu warrior
 12794 | D:12     | Noticed a boulder beetle
 12849 | D:12     | Found a runed translucent gate.
 12849 | D:12     | Noticed a centaur warrior
 12852 | D:12     | Reached skill level 12 in Fighting
 12986 | D:12     | Found a runed translucent gate.
 13042 | D:12     | Acquired the scarf of Servitude {rC+ rF+, Str+3 Dex+3}
 13072 | D:12     | Found a runed translucent gate.
 13074 | D:12     | Noticed testman's ghost (journeyman DrSh)
 13103 | D:12     | You fall into a shaft and drop 1 floor!
 13114 | D:13     | HP: 4/81 [meliai/divine providence (14)]
 13403 | D:13     | Noticed a centaur warrior
 13498 | D:12     | Received a gift from Okawaru
 13508 | D:12     | Noticed a two-headed ogre
 13564 | D:12     | Killed a boulder beetle
 13565 | D:12     | Reached skill level 13 in Fighting
 13570 | D:12     | Killed a two-headed ogre
 13574 | D:12     | Killed testman's ghost
 13575 | D:12     | Reached skill level 14 in Fighting
 13578 | D:12     | Killed a centaur warrior
 13579 | D:12     | Reached skill level 15 in Fighting
 13579 | D:12     | Reached XP level 13. HP: 33/92 MP: 18/18
 13857 | D:13     | Received a gift from Okawaru
 14078 | D:13     | Reached skill level 16 in Fighting
 14137 | D:13     | Noticed a centaur warrior
 14143 | D:13     | Killed a centaur warrior
 14156 | D:13     | Noticed a rakshasa
 14157 | D:13     | Noticed a centaur warrior
 14168 | D:13     | HP: 2/95 [rakshasa/+0 trident (15)]
 14186 | D:13     | Shot with an arrow by a centaur warrior

Illustrated notes

Levels and vault maps discovered:
D:1:      onia_arrival_mini_spirals, layout_basic
D:2:      layout_loops_ring, minmay_pentomino_s2
D:3:      layout_loops_ring, dk_yredelemnul_ordeal, uniq_robin
D:4:      layout_rooms, mainiacjoe_overflow_alcove_1, zin_purify,
          portal_sewer_entry_a, kennysheep_generic_room_2,
          uniq_crazy_yiuf_cottage, uniq_grinder, uniq_pikel, uniq_duvessa
D:5:      layout_loops_cross, mainiacjoe_overflow_catch_the_wave,
          okawaru_gym_becter, serial_shops, nicolae_shop_overgrown_old_shop,
          gammafunk_ghost_split, minmay_quadrilaterals
D:6:      layout_loops_ring, minmay_temple_entry_offerings, serial_undead,
          serial_undead_d, serial_undead_d, serial_undead_f, serial_undead_e
D:7:      layout_gridville, uniq_joseph
D:8:      layout_loops_ring, lemuel_crystal_altar,
          mainiacjoe_overflow_concentric_impassable, minmay_manual_macuahuitl
D:9:      layout_roguey, mainiacjoe_overflow_alcove_2,
          makhleb_altar_promises_db, uniq_maggie
D:10:     cheibrodos_grave_circle, layout_stronghold, overflow_temple_1_default,
          dpeg_oklobed_lair, zombieorc2_lemuel
D:11:     layout_loops_cross, led_xom_imps
D:12:     layout_basic, gammafunk_ghost_split
D:13:     layout_basic

Skill      XL: |  1  2  3  4  5  6  7  8  9 10 11 12 13 |
---------------+----------------------------------------+-----
Fighting       | 3 4 5 7 11 15 16 | 16.3
Axes           | 1 2 4 6 7 10 | 10.0
Dodging        | 5 6 |  6.0
Spellcasting   | 1 3 |  3.6
Transmutations | 1 6 |  6.0
Shapeshifting  | 6 9 |  9.0
Ranged Weapons | |  5.3
Stealth        | |  1.3

Action                     |  1- 3 |  4- 6 |  7- 9 | 10-12 | 13-15 || total
---------------------------+-------+-------+-------+-------+-------++-------
  Melee: War axe           |    15 |    69 |   185 |   326 |    27 ||   622
         Punch             |       |     1 |     3 |     3 |       ||     7
   Fire: Shortbow          |    39 |       |       |       |       ||    39
  Throw: Dart              |       |       |       |     1 |       ||     1
         Throwing net      |       |       |       |     1 |       ||     1
   Cast: Wereblood         |       |       |     6 |    16 |     1 ||    23
    Use: Scroll            |     2 |     2 |    11 |     9 |       ||    24
         Potion            |     1 |       |     2 |    11 |     1 ||    15
   Stab: Sleeping          |     4 |     4 |    15 |     6 |       ||    29
         Distracted        |       |       |     1 |     2 |       ||     3
 Armour: Leather armour    |    10 |    13 |    34 |    30 |       ||    87
         Troll leather arm |       |       |       |    14 |     8 ||    22
  Dodge: Dodged            |    17 |    33 |   133 |   241 |    31 ||   455
  Block: Other             |       |       |    15 |    73 |    15 ||   103
         Reflection        |       |       |       |     1 |     3 ||     4
   Form: Beast             |       |       |       |     1 |       ||     1

Table legend: (Time is in decaauts)
 A = Elapsed time spent in this place.
 B = Non-inter-level travel time spent in this place.
 C = Inter-level travel time spent in this place.
 D = Time resting spent in this place.
 E = Time spent auto-exploring this place.
 F = Levels seen in this place.
 G = Mean time per level.
                   A        B        C        D        E       F      G
               +--------+--------+--------+--------+--------+-----+--------+
         Total |  14317 |  13852 |    465 |   2348 |   9651 |  14 | 1022.6 |
       Dungeon |  13859 |  13394 |    465 |   2348 |   9305 |  13 | 1066.1 |
         Sewer |    458 |    458 |      0 |      0 |    346 |   1 |  458.0 |
               +--------+--------+--------+--------+--------+-----+--------+

Top non-repeatable levels by time:
    D:10: 1569 daAuts
    D:12: 1255 daAuts
     D:7: 1239 daAuts
    D:11: 1217 daAuts
     D:4: 1212 daAuts
     D:3: 1197 daAuts
     D:6: 1054 daAuts
     D:8: 983 daAuts
     D:2: 942 daAuts
     D:5: 938 daAuts
     D:9: 868 daAuts
     D:1: 745 daAuts
    D:13: 633 daAuts
   Sewer: 458 daAuts
